GLBL
TRAVERSE CITY BEARS @ TOLEDO NEPTUNES
07/03/2048
 
TOP OF THE 1ST
Traverse City Bears batting - Pitching for Toledo Neptunes : LHP Dave Scott
Pitching: LHP Dave Scott
Batting: LHB Jaime Osorio 0-0: Swinging Strike
0-1: Ball
1-1: Foul Ball, location: 9LDF
1-2: Ball
2-2: DOUBLE (Line Drive, 7LS, EV 110.0 MPH)
Batting: RHB Todd Ray 0-0: Called Strike
0-1: Foul Ball, location: 9LSF
0-2: Strikes out swinging
Batting: LHB Ben Marshall 0-0: Ball
1-0: Foul Ball, location: 5FF
1-1: Fly out, F9 (Flyball, 9LD, EV 108.1 MPH)
Runner from 2nd tags up, SAFE at 3rd, no throw by RF
Batting: RHB Sean Lane 0-0: SINGLE (Groundball, 4MD, EV 96.3 MPH)
Jaime Osorio scores
Batting: LHB Bernie Stoddart 0-0: Ground out 4-3 (Groundball, 4, EV 84.4 MPH)
Top of the 1st over - 1 run, 2 hits, 0 errors, 1 left on base; Traverse City 1 - Toledo 0
BOTTOM OF THE 1ST
Toledo Neptunes batting - Pitching for Traverse City Bears : RHP Jeff Seymour
Pitching: RHP Jeff Seymour
Batting: LHB Domingo Chávez 0-0: Ball
1-0: SINGLE (Line Drive, 7S, EV 93.1 MPH)
Batting: SHB Rob McKenzie 0-0: Ground out 4-3 (Groundball, 4, EV 84.4 MPH)
Domingo Chávez to second
Batting: LHB Gray Dijkstra 0-0: Ball
1-0: Ball
2-0: Fly out, F4 (Line Drive, 4, EV 71.3 MPH)
Batting: LHB José Calderón 0-0: Called Strike
0-1: Ball
1-1: Fly out, F4 (Popup, 34S, EV 90.6 MPH)
Bottom of the 1st over - 0 runs, 1 hit, 0 errors, 1 left on base; Traverse City 1 - Toledo 0
TOP OF THE 2ND
Traverse City Bears batting - Pitching for Toledo Neptunes : LHP Dave Scott
Batting: RHB Gilbert Johnson 0-0: Ball
1-0: Ball
2-0: Foul Ball, location: 9LMF
2-1: Called Strike
2-2: Ball
3-2: Foul Ball, location: 2F
3-2: Strikes out swinging
Batting: RHB Chang Ye 0-0: Ground out 4-3 (Groundball, 4MS, EV 73.1 MPH)
Batting: RHB Gary Ford 0-0: Called Strike
0-1: Ball
1-1: Ball
2-1: Ball
3-1: Base on Balls
Batting: RHB Jeff Seymour 0-0: Ball
1-0: Ball
2-0: Called Strike
2-1: Ball
3-1: Called Strike
3-2: Strikes out swinging
Top of the 2nd over - 0 runs, 0 hits, 0 errors, 1 left on base; Traverse City 1 - Toledo 0
BOTTOM OF THE 2ND
Toledo Neptunes batting - Pitching for Traverse City Bears : RHP Jeff Seymour
Batting: LHB Miguel Suárez 0-0: Ball
1-0: Called Strike
1-1: SINGLE (Line Drive, 78S, EV 88.1 MPH)
Batting: LHB Didier Clément 0-0: Ball
1-0: Ball
2-0: Grounds into double play, 4-6-3 (Groundball, 4, EV 103.8 MPH)
Batting: RHB Rob Vega 0-0: Ball
1-0: Swinging Strike
1-1: SINGLE (Groundball, 34D, EV 98.8 MPH)
Batting: LHB Matt James 0-0: Fly out, F5 (Popup, 56S, EV 90.6 MPH)
Bottom of the 2nd over - 0 runs, 2 hits, 0 errors, 1 left on base; Traverse City 1 - Toledo 0
TOP OF THE 3RD
Traverse City Bears batting - Pitching for Toledo Neptunes : LHP Dave Scott
Batting: LHB Jaime Osorio 0-0: Called Strike
0-1: Swinging Strike
0-2: Ball
1-2: Foul Ball, location: 7LSFF
1-2: Foul Ball, location: 7LSF
1-2: Ball
2-2: Foul Ball, location: 9LSFF
2-2: Ball
3-2: Base on Balls
Batting: RHB Todd Ray 0-0: Ball
1-0: Ball
2-0: Ball
3-0: Base on Balls
Jaime Osorio to second
Batting: LHB Ben Marshall 0-0: Called Strike
0-1: Called Strike
0-2: Strikes out swinging
Batting: RHB Sean Lane 0-0: DOUBLE (Flyball, 8RXD, EV 106.9 MPH)
Jaime Osorio scores
Todd Ray to third
Runner from 3rd tries for Home, SAFE, throw by CF to trailing runner, SAFE at third!
Batting: LHB Bernie Stoddart 0-0: Ground out 6-3 (Groundball, 6M, EV 82.5 MPH)
Batting: RHB Gilbert Johnson 0-0: Ball
1-0: Ground out 6-3 (Groundball, 6, EV 101.3 MPH)
Top of the 3rd over - 2 runs, 1 hit, 0 errors, 1 left on base; Traverse City 3 - Toledo 0
BOTTOM OF THE 3RD
Toledo Neptunes batting - Pitching for Traverse City Bears : RHP Jeff Seymour
Batting: LHB Dave Scott 0-0: Foul Ball, location: 23FF
0-1: Called Strike
0-2: Ball
1-2: Foul Ball, location: 2F
1-2: Strikes out swinging
Batting: LHB Domingo Chávez 0-0: Ball
1-0: SINGLE (Groundball, 4MD, EV 96.9 MPH)
Batting: SHB Rob McKenzie 0-0: Ball
1-0: Ball
2-0: Ball
3-0: Called Strike
3-1: Called Strike
3-2: Foul Ball, location: 2F
3-2: Fly out, F7 (Flyball, 78M, EV 86.3 MPH)
Batting: LHB Gray Dijkstra 0-0: Called Strike
0-1: Fielders Choice at 2nd, U6 (Groundball, 6M, EV 95.6 MPH)
Bottom of the 3rd over - 0 runs, 1 hit, 0 errors, 1 left on base; Traverse City 3 - Toledo 0
TOP OF THE 4TH
Traverse City Bears batting - Pitching for Toledo Neptunes : LHP Dave Scott
Batting: RHB Chang Ye 0-0: Swinging Strike
0-1: Ball
1-1: Ball
2-1: SINGLE (Groundball, 4S, EV 69.4 MPH) (infield hit)
Batting: RHB Gary Ford 0-0: Ball
1-0: Called Strike
1-1: Foul Ball, location: 2F
1-2: Ball
2-2: Foul Ball, location: 2LF
2-2: DOUBLE (Flyball, 89D, EV 105.0 MPH)
Chang Ye to third
Batting: RHB Jeff Seymour 0-0: Ball
1-0: Called Strike
1-1: Fly out, F4 (Popup, 34S, EV 68.8 MPH)
Batting: LHB Jaime Osorio 0-0: Ball
1-0: Swinging Strike
1-1: Fly out, F9 (Flyball, 89M, EV 86.3 MPH)
Batting: RHB Todd Ray 0-0: Ball
1-0: Called Strike
1-1: Ball
2-1: Foul Ball, location: 3FF
2-2: Foul Ball, location: 9LDF
2-2: Foul Ball, location: 2F
2-2: Ball
3-2: Base on Balls
Batting: LHB Ben Marshall 0-0: Ball
1-0: Ball
2-0: Fly out, F9 (Flyball, 89M, EV 93.8 MPH)
Top of the 4th over - 0 runs, 2 hits, 0 errors, 3 left on base; Traverse City 3 - Toledo 0
BOTTOM OF THE 4TH
Toledo Neptunes batting - Pitching for Traverse City Bears : RHP Jeff Seymour
Batting: LHB José Calderón 0-0: Ball
1-0: Swinging Strike
1-1: Ground out 6-3 (Groundball, 56, EV 98.1 MPH)
Batting: LHB Miguel Suárez 0-0: Ball
1-0: Ball
2-0: Swinging Strike
2-1: Ball
3-1: Ground out 5-3 (Groundball, 56, EV 76.3 MPH)
Batting: LHB Didier Clément 0-0: Called Strike
0-1: Ball
1-1: Ball
2-1: Ball
3-1: Called Strike
3-2: Base on Balls
Batting: RHB Rob Vega 0-0: Fielders Choice at 2nd, 5-4 (Groundball, 5, EV 85.0 MPH)
Bottom of the 4th over - 0 runs, 0 hits, 0 errors, 1 left on base; Traverse City 3 - Toledo 0
TOP OF THE 5TH
Traverse City Bears batting - Pitching for Toledo Neptunes : LHP Dave Scott
Batting: RHB Sean Lane 0-0: Foul Ball, location: 25FF
0-1: Fly out, F5 (Popup, 5D, EV 67.5 MPH)
Batting: LHB Bernie Stoddart 0-0: Ball
1-0: Ball
2-0: SINGLE (Groundball, 4D, EV 96.9 MPH)
Batting: RHB Gilbert Johnson 0-0: Foul Ball, location: 9LMF
0-1: Foul Ball, location: 3FF
0-2: Foul Ball, location: 2F
0-2: Strikes out swinging
Batting: RHB Chang Ye 0-0: Called Strike
0-1: Ball
1-1: Called Strike
1-2: Ball
2-2: Ball
3-2: Foul Ball, location: 7LMF
3-2: Ground out 4-3 (Groundball, 4, EV 108.8 MPH)
Top of the 5th over - 0 runs, 1 hit, 0 errors, 1 left on base; Traverse City 3 - Toledo 0
BOTTOM OF THE 5TH
Toledo Neptunes batting - Pitching for Traverse City Bears : RHP Jeff Seymour
Batting: LHB Matt James 0-0: Called Strike
0-1: Called Strike
0-2: Ball
1-2: Fly out, F4 (Popup, 3S, EV 81.3 MPH)
Pinch Hitting: RHB Francisco Estrada 0-0: Ball
1-0: Ball
2-0: Swinging Strike
2-1: Ball
3-1: Base on Balls
Batting: LHB Domingo Chávez 0-0: Ball
1-0: Ball
2-0: Called Strike
2-1: Ball
3-1: Foul Ball, location: 2F
3-2: Fielders Choice at 2nd, 2-6 (Groundball, 13S, EV 70.0 MPH)
Batting: SHB Rob McKenzie 0-0: Ball
1-0: Ball
2-0: SINGLE (Line Drive, 7LM, EV 110.0 MPH)
Domingo Chávez to second
Batting: LHB Gray Dijkstra 0-0: Ground out 2-3 (Groundball, 2R, EV 67.5 MPH)
Bottom of the 5th over - 0 runs, 1 hit, 0 errors, 2 left on base; Traverse City 3 - Toledo 0
TOP OF THE 6TH
Traverse City Bears batting - Pitching for Toledo Neptunes : LHP Dave Scott
Pitching: LHP Ron Draper
Batting: RHB Gary Ford 0-0: Fly out, F7 (Flyball, 7LSF, EV 84.4 MPH)
Batting: RHB Jeff Seymour 0-0: Called Strike
0-1: Foul Ball, location: 9LDF
0-2: Ball
1-2: Ball
2-2: Ball
3-2: Strikes out looking
Batting: LHB Jaime Osorio 0-0: Ground out 3-1 (Groundball, 34, EV 86.3 MPH)
Top of the 6th over - 0 runs, 0 hits, 0 errors, 0 left on base; Traverse City 3 - Toledo 0
BOTTOM OF THE 6TH
Toledo Neptunes batting - Pitching for Traverse City Bears : RHP Jeff Seymour
Batting: LHB José Calderón 0-0: SINGLE (Groundball, 4MD, EV 108.1 MPH)
Batting: LHB Miguel Suárez 0-0: Swinging Strike
0-1: Ball
1-1: Grounds into double play, 3-6-1 (Groundball, 34, EV 81.9 MPH)
Batting: LHB Didier Clément 0-0: Called Strike
0-1: Ball
1-1: SINGLE (Line Drive, 4D, EV 95.6 MPH)
Batting: RHB Rob Vega 0-0: Ball
1-0: Foul Ball, location: 2F
1-1: Ball
2-1: Fly out, F8 (Line Drive, 8RS, EV 103.1 MPH)
Bottom of the 6th over - 0 runs, 2 hits, 0 errors, 1 left on base; Traverse City 3 - Toledo 0
TOP OF THE 7TH
Traverse City Bears batting - Pitching for Toledo Neptunes : LHP Ron Draper
Batting: RHB Todd Ray 0-0: Swinging Strike
0-1: Foul Ball, location: 3F
0-2: Ball
1-2: Ball
2-2: Strikes out swinging
Batting: LHB Ben Marshall 0-0: Foul Ball, location: 7LSF
0-1: Foul Ball, location: 7LMF
0-2: Ball
1-2: Foul Ball, location: 2F
1-2: Strikes out swinging
Batting: RHB Sean Lane 0-0: Ball
1-0: Called Strike
1-1: Swinging Strike
1-2: Foul Ball, location: 9LMF
1-2: Strikes out swinging
Top of the 7th over - 0 runs, 0 hits, 0 errors, 0 left on base; Traverse City 3 - Toledo 0
BOTTOM OF THE 7TH
Toledo Neptunes batting - Pitching for Traverse City Bears : RHP Jeff Seymour
Batting: LHB Matt James 0-0: Called Strike
0-1: Ball
1-1: SINGLE (Groundball, 6MD, EV 104.4 MPH)
Pinch Hitting: SHB Joe Becker 0-0: Ball
1-0: Foul Ball, location: 2F
1-1: Ball
2-1: Called Strike
Matt James is caught stealing 2nd base 2-6
2-2: Ball
3-2: Foul Ball, location: 7LDF
3-2: Fly out, F7 (Flyball, 78S, EV 93.1 MPH)
Batting: LHB Domingo Chávez 0-0: Ball
1-0: Ball
2-0: Ball
3-0: Called Strike
3-1: Foul Ball, location: 3DF
3-2: Base on Balls
Pitching: RHP William Charles
Batting: SHB Rob McKenzie 0-0: Fly out, F7 (Flyball, 7LDF, EV 93.8 MPH)
Bottom of the 7th over - 0 runs, 1 hit, 0 errors, 1 left on base; Traverse City 3 - Toledo 0
TOP OF THE 8TH
Traverse City Bears batting - Pitching for Toledo Neptunes : LHP Ron Draper
Pitching: RHP Frank Lyons
Batting: LHB Bernie Stoddart 0-0: Ball
1-0: Called Strike
1-1: Ball
2-1: Ground out 4-3 (Groundball, 4, EV 83.1 MPH)
Batting: RHB Gilbert Johnson 0-0: Ball
1-0: Ground out 5-3 (Groundball, 56, EV 86.9 MPH)
Batting: RHB Chang Ye 0-0: Ball
1-0: Foul Ball, location: 3F
1-1: Ball
2-1: Ball
3-1: Foul Ball, location: 9LMF
3-2: Foul Ball, location: 2F
3-2: Fly out, F9 (Flyball, 9, EV 86.3 MPH)
Top of the 8th over - 0 runs, 0 hits, 0 errors, 0 left on base; Traverse City 3 - Toledo 0
BOTTOM OF THE 8TH
Toledo Neptunes batting - Pitching for Traverse City Bears : RHP William Charles
Pitching: RHP Alberto Espinoza
Now at C: Billy Williams
Batting: LHB Gray Dijkstra 0-0: Fly out, F8 (Flyball, 8RXD, EV 87.5 MPH)
Batting: LHB José Calderón 0-0: Ball
1-0: Fly out, F8 (Flyball, 8RD, EV 88.1 MPH)
Batting: LHB Miguel Suárez 0-0: Fly out, F5 (Popup, 5L, EV 64.4 MPH)
Bottom of the 8th over - 0 runs, 0 hits, 0 errors, 0 left on base; Traverse City 3 - Toledo 0
TOP OF THE 9TH
Traverse City Bears batting - Pitching for Toledo Neptunes : RHP Frank Lyons
Pitching: LHP Hsin-ta Fang
Now at 1B: Toshikuni Ogawa
Batting: RHB Gary Ford 0-0: Foul Ball, location: 9LMF
0-1: Foul Ball, location: 25F
0-2: Ball
1-2: Ball
2-2: Ball
3-2: Strikes out swinging
Batting: LHB Billy Williams 0-0: Called Strike
0-1: Foul Ball, location: 5F
0-2: Ball
1-2: Fly out, F8 (Flyball, 8RD, EV 108.1 MPH)
Batting: LHB Jaime Osorio 0-0: Foul Ball, location: 2F
0-1: Ball
1-1: Swinging Strike
1-2: Ball
2-2: Foul Ball, location: 2F
2-2: Ball
3-2: Strikes out looking
Top of the 9th over - 0 runs, 0 hits, 0 errors, 0 left on base; Traverse City 3 - Toledo 0
BOTTOM OF THE 9TH
Toledo Neptunes batting - Pitching for Traverse City Bears : RHP Alberto Espinoza
Batting: LHB Didier Clément 0-0: Ball
1-0: Fly out, F7 (Flyball, 7S, EV 90.0 MPH)
Batting: RHB Rob Vega 0-0: Called Strike
0-1: Called Strike
0-2: Ball
1-2: Ball
2-2: Foul Ball, location: 2F
2-2: DOUBLE (Flyball, 8LD, EV 110.6 MPH)
Batting: LHB Matt James 0-0: Ball
Wild Pitch!
Rob Vega to third
1-0: Swinging Strike
1-1: Foul Ball, location: 9LMF
1-2: Strikes out swinging
Batting: RHB Toshikuni Ogawa 0-0: Ground out 4-3 (Groundball, 34, EV 106.3 MPH)
Bottom of the 9th over - 0 runs, 1 hit, 0 errors, 1 left on base; Traverse City 3 - Toledo 0
Monday, February 19th , 2024 - OOTP Baseball 24.10 Build 82